 Dungeon Crawl Stone Soup version 0.27-a0-695-gb4952372f7 (webtiles) character file.

Game seed: 5296657217295098111

385 Trevise the Cudgeller (level 6, -1/48 HPs)
             Began as a Demonspawn Gladiator on Mar 21, 2021.
             Was an Initiate of Okawaru.
             Killed from afar by an orc wizard (13 damage)
             ... with a puff of flame
             ... on level 4 of the Dungeon.
             The game lasted 00:04:59 (4465 turns).

Trevise the Cudgeller (Demonspawn Gladiator)        Turns: 4465, Time: 00:04:59

Health: -1/48      AC:  6    Str: 22    XL:     6   Next: 48%
Magic:  6/6        EV: 18    Int:  9    God:    Okawaru [......]
Gold:   99         SH:  0    Dex: 15    Spells: 5/5 levels left

rFire    . . .     SeeInvis .   a - +0 flail
rCold    . . .     Faith    .   (no shield)
rNeg     . . .     Spirit   .   b - +0 leather armour
rPois    .         Reflect  .   f - +1 helmet
rElec    .         Harm     .   l - +0 cloak
rCorr    .         Rampage  .   (no gloves)
Will     .....                  (no boots)
Stlth    +.........             (no amulet)
HPRegen  0.16/turn              e - +6 ring of strength
MPRegen  0.10/turn              (no ring)

@: agile
A: claws 1, demonic guardian 2, powered by pain 1
a: Renounce Religion


You were on level 4 of the Dungeon.
You worshipped Okawaru.
Okawaru was noncommittal.
You visited 1 branch of the dungeon, and saw 4 of its levels.

You collected 99 gold pieces.

Inventory:

Hand Weapons
 a - a +0 flail (weapon)
Missiles
 d - 3 throwing nets {!d}
Armour
 b - a +0 leather armour (worn)
 c - a +0 helmet
 f - a +1 helmet (worn)
   (You found it on level 1 of the Dungeon)
 l - a +0 cloak (worn)
   (You found it on level 2 of the Dungeon)
Jewellery
 e - a +6 ring of strength (right claw)
   (You took it off a kobold on level 1 of the Dungeon)
 E - a +4 ring of evasion
   (You found it on level 2 of the Dungeon)
Scrolls
 h - 3 scrolls of identify {unknown}
 i - 2 scrolls of teleportation {unknown}
 k - a scroll of enchant weapon {unknown}
 m - a scroll of blinking {unknown}
Potions
 g - 2 potions of haste {unknown}
 j - a potion of attraction {unknown}
 n - a potion of brilliance {unknown}
 J - 5 potions of curing {@q1}


   Skills:
 + Level 3.7 Fighting
 * Level 5.1 Maces & Flails
 - Level 1.7 Throwing
 + Level 4.0 Dodging


You had 5 spell levels left.
You didn't know any spells.
Your spell library was empty.

Dungeon Overview and Level Annotations

Branches:
Dungeon (4/15)
 Temple: D:4-7

Altars:
Okawaru


Innate Abilities, Weirdness & Mutations

You have sharp fingernails.
A demonic guardian rushes to your aid.
You sometimes gain a little power by taking damage.


Message History

Gang up on whom?
Aim: an orc, wielding a +0 whip and wearing a +0 chain mail Attack!
The orc closely misses your ice devil.
Your ice devil hits the orc but does no damage.
The orc misses your ice devil.
Your ice devil misses the orc.
The orc barely misses your ice devil.
Your ice devil hits the orc!
The orc dies!
Okawaru accepts your kill.
You start resting.
Your ice devil disappears in a puff of smoke!
You feel a little less mighty now.
You regained 6 hp, and now have 28/47 hp.
You start resting.
Health restored: 47
Things that are here:
a +0 whip; a +0 chain mail; an orc corpse
Items here: ( )) [.
Things that are here:
a +0 hand axe; a +0 leather armour; an orc corpse You now have 99 gold pieces (gained 10).
J - 5 potions of curing {@q1} (gained 2)
An orc, an orc priest and an orc wizard come into view.
The orc wizard shouts!
The orc priest shouts!
An orc priest comes into view.
The orc priest shouts!
The orc shouts!
You barely miss the orc priest. The orc priest misses you.
You hit the orc priest but do no damage.
The orc priest invokes the aid of Beogh against you.
You barely resist.
The orc wizard casts a spell at itself.
The orc wizard flickers and vanishes!
Deactivating autopickup; reactivate with Ctrl-A.
The orc priest mumbles some strange prayers to Beogh against you.
Beogh smites you!
You focus on the pain.
You feel agile all of a sudden.
You take 9 damage, and have 38/47 hp.
You sock the orc priest! The orc priest misses you.
The orc priest calls down the wrath of Beogh upon you.
Beogh smites you!
A demonic guardian appears!
You take 15 damage, and have 24/47 hp.
MASSIVE DAMAGE!!
Something barely misses your hellwing.
Your hellwing hits the orc priest!
The orc priest dies!
Okawaru accepts your kill.
Your Dodging skill increases to level 4!
You start resting.
You hear some strange, mumbled words.
Your hellwing appears confused.
Your hellwing completely misses you.
Your hellwing closely misses you.
What are your orders? t - Shout!
Orders for allies: a - Attack new target. r - Retreat! s - Stop attacking. g - Guard the area. f - Follow me.
Anything else - Cancel.
Gang up on whom?
Aim: an orc, wielding a +0 club Attack!
Something hits you.
Your hellwing barely misses the orc.
Your hellwing hits the orc.
You take 2 damage, and have 23/48 hp.
Something hits your hellwing but does no damage.
The orc hits your hellwing but does no damage.
What are your orders? t - Shout!
Orders for allies: a - Attack new target. p - Attack previous target. r - Retreat! s - Stop attacking. g - Guard the area. f - Follow me.
Anything else - Cancel.
Gang up on whom?
Aim: an orc priest, wearing a +0 leather armour Attack!
The orc closely misses your hellwing.
You hit the orc priest.
Your hellwing closely misses the orc priest.
Your hellwing barely misses the orc priest.
Something closely misses you.
The orc completely misses your hellwing.
The orc priest barely misses you.
Your hellwing hits the orc!
The orc dies!
Okawaru accepts your kill.
You thump the orc priest!
You kill the orc priest!
Okawaru accepts your kill.
You hear some strange, mumbled words.
A puff of flame appears from out of thin air!
The puff of flame hits you!
Your hellwing barely misses something. x2
Something hits you.
* * * LOW HITPOINT WARNING * * *
You take 11 damage, and have 13/48 hp.
MASSIVE DAMAGE!!
Something hits you but does no damage.
A magic dart appears from out of thin air!
The magic dart hits you.
* * * LOW HITPOINT WARNING * * *
You take 2 damage, and have 11/48 hp.
Your hellwing barely misses something.
Your hellwing hits something.
Your hellwing seems less confused.
A puff of flame appears from out of thin air!
The puff of flame hits you!
You die...

###..#.## #..##.#..#..#...
........## #..##.#..#..# #.##
.##......####..##...##..###..#
.##............##..###.........
.###.....##.............####...
.# ##...###.#.###..###..# .##
##.## #.#.# #..# #..# #.##
#.####.#.###..###..#
##.###..........@.......#
##.##.≈.≈.........####.#
##...≈≈≈≈........# ..
##.##..≈.≈≈.{###### (#
##.##......≈4.#
#..........)[########
.#####........{o..o.. ##
################


You could see a friendly hellwing (summoned).

Vanquished Creatures
  4 orc priests
  2 orc wizards (D:3)
  3 adders
  5 dart slugs
  4 leopard geckos
  7 orcs
  5 giant cockroaches
  3 goblins
  6 hobgoblins
  5 jackals
  A ball python (D:1)
  10 bats
  5 frilled lizards
  6 kobolds
  11 rats
77 creatures vanquished.

Vanquished Creatures (collateral kills)
  An ogre (D:4)
  An orc priest (D:4)
  2 adders
  2 orcs (D:4)
  A quokka (D:1)
  A frilled lizard (D:1)
8 creatures vanquished.

Grand Total: 85 creatures vanquished

Notes
Turn   | Place    | Note
-------+----------+-------------------------------------------
     0 | D:1      | Trevise the Demonspawn Gladiator began the quest for the
                  | Orb.
     0 | D:1      | Reached XP level 1. HP: 16/16 MP: 1/1
   287 | D:1      | Reached skill level 3 in Maces & Flails
   334 | D:1      | Gained mutation: A weak demonic guardian rushes to your
                  | aid. [demonic ancestry]
   334 | D:1      | Reached XP level 2. HP: 22/22 MP: 2/2
   456 | D:1      | Reached skill level 3 in Dodging
   734 | D:1      | Reached XP level 3. HP: 27/28 MP: 3/3
  1715 | D:2      | Gained mutation: You sometimes gain a little power by
                  | taking damage. [demonic ancestry]
  1715 | D:2      | Reached XP level 4. HP: 12/34 MP: 4/4
  1728 | D:2      | HP: 8/34 [poisoned by an adder]
  1736 | D:2      | HP: 7/34 [poisoned by an adder]
  1985 | D:2      | Found an iron altar of Okawaru.
  2031 | D:2      | Became a worshipper of Warmaster Okawaru
  2681 | D:3      | Reached skill level 4 in Maces & Flails
  2687 | D:3      | HP: 8/34 [poisoned by a kobold]
  2694 | D:2      | HP: 7/34 [poisoned by a kobold]
  2702 | D:2      | HP: 6/34 [poisoned by a kobold]
  2973 | D:3      | Reached skill level 3 in Fighting
  2981 | D:3      | Gained mutation: You have sharp fingernails. [demonic
                  | ancestry]
  2981 | D:3      | Reached XP level 5. HP: 25/41 MP: 5/5
  4178 | D:4      | Noticed an ogre
  4180 | D:4      | Gained mutation: A demonic guardian rushes to your aid.
                  | [demonic ancestry]
  4180 | D:4      | Reached XP level 6. HP: 44/46 MP: 6/6
  4198 | D:4      | Reached skill level 5 in Maces & Flails
  4454 | D:4      | Reached skill level 4 in Dodging
  4463 | D:4      | HP: 11/48 [something/magic dart (2)]
  4465 | D:4      | Killed from afar by an orc wizard

Illustrated notes

Levels and vault maps discovered:
D:1:      grunt_arrival_lava_bath, layout_rooms
D:2:      layout_rooms, okawaru_metal_pillars_3
D:3:      layout_basic, nicolae_overflow_hidden_temple
D:4:      layout_loops_ring, nicolae_overflow_quartered_altars,
          hangedman_decor_riveting, dk_vineyard_3

Skill      XL: |  1  2  3  4  5  6 |
---------------+-------------------+-----
Maces & Flails | 3 4 5 |  5.1
Dodging        | 3 4 |  4.0
Fighting       | 3 |  3.7
Throwing       | |  1.7

Action                   |  1- 3 |  4- 6 || total
-------------------------+-------+-------++-------
Melee: Flail             |   112 |   142 ||   254
  Use: Potion            |       |     1 ||     1
 Stab: Sleeping          |       |     1 ||     1
Armor: Leather armour    |    57 |    40 ||    97
Dodge: Dodged            |   109 |    97 ||   206

Table legend: (Time is in decaauts)
 A = Elapsed time spent in this place.
 B = Non-inter-level travel time spent in this place.
 C = Inter-level travel time spent in this place.
 D = Time resting spent in this place.
 E = Time spent auto-exploring this place.
 F = Levels seen in this place.
 G = Mean time per level.
                   A        B        C        D        E       F      G
               +--------+--------+--------+--------+--------+-----+--------+
         Total |   4520 |   4441 |     79 |   1713 |   2082 |   4 | 1130.0 |
       Dungeon |   4520 |   4441 |     79 |   1713 |   2082 |   4 | 1130.0 |
               +--------+--------+--------+--------+--------+-----+--------+

Top non-repeatable levels by time:
     D:3: 1429 daAuts
     D:1: 1330 daAuts
     D:2: 1309 daAuts
     D:4: 450 daAuts

Table legend:
 A = Kills in this place as a percentage of kills in entire the game.
 B = Kills by you in this place as a percentage of kills by you in the entire game.
 C = Kills by friends in this place as a percentage of kills by friends in the entire game.
 D = Other kills in this place as a percentage of other kills in the entire game.
 E = Experience gained in this place as a percentage of experience gained in the entire game.
 F = Experience gained in this place divided by the number of levels of this place that you have seen.
                   A       B       C       D       E      F
               +-------+-------+-------+-------+-------+----------------------
         Total | 100.0 | 100.0 | 100.0 |   N/A | 100.0 | 137.5
       Dungeon | 100.0 | 100.0 | 100.0 |   N/A | 100.0 | 137.5
               +-------+-------+-------+-------+-------+----------------------
